Map: 블루시프트 - 래더

Players

Ragnarok (SHIN) - Winner!

  • Race: Zerg Zerg
  • League: Grandmaster
  • Spawn Location: 7:00

Stats

  • Race: Protoss Protoss
  • League: Grandmaster
  • Spawn Location: 1:00

Event: IEM Season 13 - Katowice Server Qualifiers Asia 1

VOD

Have the link to the VOD?

Description

Time

  • Played on: Jan. 14, 2019, 4:26 a.m.
  • Length: 6:40

All games in this series

Show
View Real Time Build Order
Export as new Build Order

Ragnarok Zerg - Winner!

Build Orders: Hatch First 

Get SALT Encoding   

  12  0:01  Drone  
  13  0:07  Drone  
  14  0:16  Overlord  
  14  0:21  Extractor  
  14  0:22  Drone  
  15  0:44  Hatchery  
  15  0:47  Drone  
  15  0:51  Drone  
  15  0:54  Drone  
  17  0:58  Drone  
  18  1:09  Extractor  
  17  1:14  Spawning Pool  
  17  1:18  Drone  
  17  1:22  Drone  
  18  1:30  Drone  
  19  1:42  Drone  
  20  1:53  Overlord  
  20  2:02  Queen, Zergling x2  
  20  2:03  Queen, Zergling x2  
  26  2:09  Drone  
  26  2:13  Metabolic Boost  
  27  2:16  Drone  
  27  2:19  Drone  
  29  2:26  Drone  
  29  2:28  Drone  
  31  2:35  Drone  
  32  2:46  Hatchery  
  32  2:49  Queen  
  33  2:54  Overlord  
  33  2:58  Drone  
  33  3:00  Drone  
  33  3:02  Drone  
  35  3:19  Drone x4  
  39  3:20  Drone x3  
  39  3:22  Overlord  
  39  3:27  Queen  
  42  3:32  Overlord  
  44  3:34  Spore Crawler  
  44  3:36  Drone  
  44  3:42  Drone x2  
  44  3:45  Drone  
  47  3:53  Drone x4  
  47  3:54  Spore Crawler  
  50  3:57  Drone x4  
  50  3:59  Drone  
  55  4:04  Queen  
  55  4:07  Overlord  
  57  4:10  Drone  
  57  4:13  Spore Crawler  
  57  4:15  Overlord  
  57  4:20  Roach Warren  
  57  4:23  Extractor x2  
  54  4:25  Drone  
  54  4:27  Zergling x6  
  54  4:30  Overlord  
  58  4:40  Overlord  
  58  4:51  Drone x2  
  58  5:00  Roach x9  
  58  5:05  Overlord  
  74  5:15  Zergling x14  
  80  5:24  Ravager x4  
  80  5:26  Zergling x2  
  80  5:27  Zergling x10  
  90  5:36  Zergling x6  
  90  5:39  Ravager x2  
  90  5:42  Overlord  
  95  5:43  Overlord  
  95  5:58  Zergling x10  
  95  5:59  Zergling x2  
  97  6:05  Zergling x10  
  97  6:10  Ravager x3  
  98  6:13  Zergling x6  
  98  6:17  Zergling x2  
  98  6:18  Zergling x2  
  97  6:23  Zergling x2  
Show
View Real Time Build Order
Export as new Build Order

Stats Protoss 

Build Orders: 1 Gate Expand, Oracle Opening, Phoenix Opening, Zealot Archon, Archon Drop 

Get SALT Encoding   

  12  0:00  Probe  
  13  0:12  Probe  
  14  0:19  Pylon  
  14  0:24  Probe  
  15  0:33  Probe  
  15  0:41  Probe  
  16  0:44  Gateway  
  16  0:48  Assimilator  
  17  0:51  Probe  
  18  1:03  Probe  
  19  1:16  Probe  
  20  1:30  Nexus  
  20  1:39  Cybernetics Core  
  20  1:42  Probe  
  20  1:45  Assimilator  
  21  1:49  Pylon  
  22  1:54  Probe  
  22  2:06  Probe  
  22  2:07  Adept  
  23  2:18  Probe  
  23  2:22  Stargate  
  26  2:30  Probe  
  26  2:33  Warp Gate  
  26  2:35  Adept  
  28  2:39  Probe x2  
  30  2:47  Probe x2  
  31  2:56  Probe  
  31  2:57  Probe  
  32  3:00  Phoenix  
  36  3:09  Probe  
  36  3:10  Probe  
  38  3:14  Adept  
  38  3:21  Probe  
  38  3:22  Probe  
  38  3:23  Oracle, Assimilator  
  38  3:25  Pylon  
  40  3:33  Probe  
  40  3:34  Probe  
  45  3:38  Gateway  
  45  3:45  Probe  
  45  3:46  Probe  
  47  3:50  Robotics Facility  
  47  3:53  Assimilator  
  47  3:58  Probe  
  47  3:59  Probe  
  49  4:02  Pylon  
  49  4:11  Probe x2, Twilight Council  
  51  4:21  Gateway x2  
  51  4:24  Probe  
  51  4:25  Probe  
  51  4:27  Warp Prism  
  53  4:35  Adept  
  57  4:39  Probe  
  58  4:48  Templar Archives  
  58  4:50  Pylon  
  58  4:51  Pylon  
  54  5:03  Observer  
  54  5:04  Zealot x2  
  59  5:21  Nexus  
  59  5:24  Pylon  
  59  5:28  High Templar x3  
  61  5:29  High Templar  
  61  5:33  Forge  
  71  5:43  Shield Battery  
  71  5:44  Immortal, Shield Battery  
  71  5:48  Gateway  
  71  5:50  Archon  
  71  5:51  Gateway  
  71  5:52  Archon  
  71  5:56  Pylon x2  
  61  6:07  Zealot  
  61  6:08  Zealot  
  61  6:10  Pylon  
  64  6:18  Shield Battery  
  64  6:29  Pylon  
  64  6:30  Zealot x2  
  62  6:33  Pylon  

Tags
 
Add a new tag
Caveats
  • Supply blocks, unpowered buildings, or Contaminate may cause inaccurate times.
  • Supply counts are checked every 10 seconds.